[Event "European Women-ch 2023"]
[Site "Petrovac"]
[Date "2023.03.25"]
[Round "7.18"]
[White "Bakalarz, Grazyna"]
[Black "Maione, Melissa"]
[Result "1/2-1/2"]
[Annotator "TA"]
[ECO "B22"]
[WhiteElo "1847"]
[BlackElo "2028"]
[PlyCount "136"]
[EventDate "2023.03.15"]
[EventType "swiss"]
[EventCountry "MNE"]
[SourceTitle "playchess.com"]
[Source "ChessBase"]
[SourceQuality "1"]
[TimeControl "40/5400+30:1800+30"]

1. e4 c5 2. c3 d5 3. exd5 Qxd5 4. d4 Nc6 5. Nf3 Bf5 6. Be3 cxd4 {[%emt 0:02:20] B22: Sicilian: 2 c3.} 7. Nxd4 Nf6 8. Nxf5 Qxf5 {[%emt 0:00:12] White has an edge.} 9. Bd3 Qd5 10. O-O O-O-O 11. Be2 {[%emt 0:03:18] A strong pair of Bishops.} Qxd1 12. Rxd1 Rxd1+ 13. Bxd1 Nd5 14. Bd2 e6 {[%emt 0:02:53] [#]} 15. c4 $146 ({Predecessor:} 15. Be2 Be7 16. g3 Rd8 17. Be1 Nb6 18. Nd2 Ne5 19. a4 Nd3 20. a5 Na8 21. Nc4 Nxe1 22. Rxe1 {½-½ Tiviakov,S (2588)-Smith,B (2453) Zagreb Hulak Memorial op 1st 2016 (5)}) 15... Ndb4 16. Nc3 Nd3 17. Na4 (17. Be2 $5 Be7 18. Nd5 $11 (18. Bxd3 Rd8 $11)) 17... Nce5 18. b3 Be7 19. Be2 Rd8 20. Be3 {[%emt 0:01:01] White is weak on the dark squares} Nc6 21. Rd1 Ndb4 22. a3 (22. Nc3 $11) 22... Nc2 $17 23. Rxd8+ Kxd8 24. b4 Nxa3 25. b5 Na5 26. c5 Nc2 27. Bf4 Nd4 28. Bd3 Nab3 29. b6 (29. Be5 $17) 29... axb6 ({Don't play} 29... Bxc5 30. Bc7+ (30. Bxh7 $2 {is the wrong capture.} Bxb6 31. Bg5+ f6 $19) (30. Nxc5 axb6 31. Bg5+ Kc7 $18) 30... Kc8 31. Nxc5 $18 (31. Bxh7 $2 axb6 32. Bxb6 Bxb6 $19)) ({Black should try} 29... a5 $19 30. Be5 Nxc5 31. Nxc5 Bxc5 32. Bxg7 Nc6 33. Bxh7 f5 34. Bf6+ Kd7) 30. cxb6 Kc8 31. Be5 g6 $1 32. Bc4 (32. Bf4 $17) 32... f6 (32... Nd2 $1 $19 {And now ...Nc6 would win.} 33. Bxd4 Nxc4) 33. Bf4 Nc5 ({Better is} 33... Kd7 $17 34. Be3 Bd6) 34. Nc3 (34. Be3 $15) 34... Bd8 35. Be3 Ndb3 (35... Ncb3 $1 $17) 36. Ne4 $1 $11 {[%emt 0:00:42][%mdl 64] Deflection} Na5 $2 (36... Be7 $15 {keeps the upper hand.}) 37. Nd6+ $18 (37. Bxc5 $2 {too greedy.} Nxc4 38. f4 f5 $19) 37... Kd7 38. Bxc5 {[%emt 0:00:06] aiming for Bb5+.} Kc6 {[%emt 0:01:41] [#]} 39. Ba3 $1 Nxc4 40. Nxc4 Bxb6 41. Be7 ({White should play} 41. Nxb6 $18 Kxb6 42. f4) 41... Bd4 $16 42. Kf1 b5 43. Ne3 Bc3 44. Ke2 Kd7 45. Bf8 Kc6 (45... Be5 $16 {was necessary.} 46. Kd3 f5) 46. Kd3 $18 Be1 47. f3 Ba5 48. Be7 (48. Nc2 $18) 48... f5 $16 49. Nc2 e5 {[%emt 0:00:52] Dodges Nd4+} 50. Ne3 Bb6 51. Nc2 Ba5 $1 52. Bb4 Bb6 53. g4 Kd5 54. Bd2 (54. Ne3+ $16 Ke6 55. Bf8) 54... e4+ $11 55. fxe4+ fxe4+ 56. Ke2 Kc4 $2 (56... Bc5 $11 {and Black has nothing to worry.}) 57. Na3+ $18 Kc5 $2 {[%emt 0:01:16] [#]} (57... Kd5 58. Nxb5 Ke5) 58. Be3+ $1 Kc6 59. Bxb6 Kxb6 {[%emt 0:00:05][%mdl 4096] Endgame KN-KP} 60. Ke3 b4 61. Nc4+ Kc5 62. Nd2 Kd5 63. Nxe4 $2 {[%emt 0:00:45] KN-K3P} (63. g5 {[%cal Oh2h3] Threatens to win with h3!} Ke5 64. h4) 63... b3 64. Nd2 b2 65. h4 $2 (65. Nb1 $18 {Black must now prevent Nd2.} h5 66. gxh5 gxh5 67. Nd2) 65... h6 $1 $11 {[%emt 0:00:22] The position is equal.} 66. h5 gxh5 67. gxh5 Ke5 68. Nc4+ Kd5 {[%emt 0:00:09] Weighted Error Value: White=0.20 (precise) /Black=0.35} 1/2-1/2

[Event "European Women-ch 2023"]
[Site "Petrovac"]
[Date "2023.03.25"]
[Round "7.19"]
[White "Cyfka, Karina"]
[Black "Dwilewicz, Katarzyna"]
[Result "1-0"]
[Annotator "TA"]
[ECO "A46"]
[WhiteElo "2350"]
[BlackElo "2114"]
[PlyCount "83"]
[EventDate "2023.03.15"]
[EventType "swiss"]
[EventCountry "MNE"]
[SourceTitle "playchess.com"]
[Source "ChessBase"]
[SourceQuality "1"]
[TimeControl "40/5400+30:1800+30"]

1. d4 Nf6 2. Nf3 e6 3. Bg5 c5 4. d5 exd5 5. e3 d6 (5... Be7 $5 ) 6. Nc3 {[%emt 0:02:25][%cal Og5f6] A46: 1 d4 Nf6 2 Nf3 e6: Torre, London and Colle Systems.} Be6 7. Bb5+ (7. Bxf6 $14 gxf6 8. Be2 (8. Nxd5 Bg7 $14)) 7... Nc6 $11 8. Bxf6 {[%emt 0:04:12] The position is equal.} Qxf6 9. Nxd5 Bxd5 (9... Qxb2 $2 10. Rb1 $18 (10. Bxc6+ bxc6 11. Rb1 Qxb1 $16) (10. Bxc6+ bxc6 11. Rb1 Qxb1 $16)) 10. Qxd5 Rc8 11. c3 Be7 {[%emt 0:00:46] [#]} 12. O-O $146 ({Predecessor:} 12. h4 O-O 13. Ng5 g6 14. f4 Qg7 15. O-O-O a6 16. Bd3 Bxg5 17. hxg5 Rfe8 18. Rh3 {1-0 Anton Guijarro,D (2658)-Ponizil,C (2506) CZE-chT 2122 2021 (8.3)}) 12... O-O 13. Rad1 Rfd8 14. Nd2 a6 15. Be2 Qe6 16. Bc4 Qxd5 17. Bxd5 Kf8 18. Ne4 Rc7 {[%emt 0:02:44] Black is on the road to losing.} ({Black should try} 18... Ne5 $1 $14) 19. f4 $16 Nb8 20. g4 Nd7 21. g5 Ke8 22. Rf3 {[%emt 0:06:00] White has more active pieces. The black rooks are badly placed.} Nf8 (22... Kf8 $16 23. f5 Ne5) 23. Ng3 g6 (23... Nd7 {was called for.} 24. Ne4 Nb6) 24. Ne4 $18 Ne6 25. Rh3 Nf8 (25... h5 {might work better.} 26. gxh6 Kd7) 26. Rf1 Rdd7 27. f5 Bd8 {[%emt 0:05:48] Black is weak on the light squares} 28. fxg6 fxg6 {[%emt 0:02:00] [#]} (28... Nxg6 $142 29. Rf5 Kf8 30. Rxh7 Kg8) 29. Bf7+ $1 {[%emt 0:04:26][%mdl 576] Decoy. White is clearly winning.} Rxf7 (29... Ke7 30. Bd5) 30. Nxd6+ Kd7 31. Nxf7 Be7 32. Ne5+ Ke6 33. Ng4 Rd7 34. Rhf3 Rd8 35. Rf4 Rd5 36. h4 (36. Rxf8 Bxf8 37. Rxf8 Rxg5 38. Rf6+ Kd7 $18) 36... Nd7 37. Re4+ Kd6 38. Nf6 Bxf6 39. gxf6 {[%emt 0:00:21] f7 is the strong threat.} Re5 {[%emt 0:00:55] Prevents f7.} 40. Rd1+ Ke6 {[%emt 0:00:00] [#]} 41. Rxd7 $1 {[%emt 0:02:36][%mdl 64] Double Attack} Rxe4 42. Re7+ {[%emt 0:00:08] Weighted Error Value: White=0.16 (very precise) /Black=0.42} ({Weaker is} 42. Rxh7 Kxf6 43. Rxb7 Rg4+ 44. Kf2 Rxh4 $16) 1-0

[Event "European Women-ch 2023"]
[Site "Petrovac"]
[Date "2023.03.25"]
[Round "7.19"]
[White "Mashchenko, Tamila"]
[Black "Karaivanova, Petya"]
[Result "0-1"]
[Annotator "TA"]
[ECO "D35"]
[WhiteElo "1956"]
[BlackElo "1875"]
[PlyCount "60"]
[EventDate "2023.03.15"]
[EventType "swiss"]
[EventCountry "MNE"]
[SourceTitle "playchess.com"]
[Source "ChessBase"]
[SourceQuality "1"]
[TimeControl "40/5400+30:1800+30"]

1. d4 d5 2. c4 e6 3. Nc3 Nf6 4. cxd5 exd5 5. Bg5 Be7 6. e3 c6 7. Bd3 h6 8. Bf4 O-O 9. h3 {[%emt 0:00:29] D35: Queen's Gambit Declined: Exchange Variation.} Re8 10. Nf3 {[%emt 0:00:39] 10.Qc2 might become the main line.} Bd6 11. Bxd6 {[%emt 0:04:12] White is slightly better.} Qxd6 12. Qc2 Nbd7 13. O-O-O b5 14. g4 b4 15. Na4 Ne4 {[%emt 0:08:48] [#]} 16. Kb1 $146 ({Predecessor:} 16. Bxe4 dxe4 17. Nd2 Qd5 18. Nb3 a5 19. Kb1 Ba6 20. Nbc5 Bb5 21. Nxd7 Bd3 22. Rxd3 exd3 {½-½ Vesely,V (2032)-Kosek,J (2070) CZE-chT2D 1617 2016 (3.5)}) 16... Qf6 17. Bxe4 dxe4 18. Nd2 Qxf2 19. Qxc6 (19. Nxe4 $2 Qxc2+ 20. Kxc2 Rxe4 $19) 19... Rb8 20. Rhf1 (20. Nc5 $16 Qxe3 21. Nxd7 Bxd7 22. Qxd7 Qd3+ 23. Ka1) 20... Qxe3 $15 {[%emt 0:04:18] Strongly threatening ...Qd3+.} 21. Nc4 Qg5 {[%emt 0:02:53] ...e3 would be deadly.} 22. Nd6 (22. Ne5 $1 $15 Nf6 23. Nc5 (23. Rxf6 $2 Bb7 $19)) 22... Qg6 $1 $17 {[%emt 0:05:45] And now ...e3+ would win.} 23. d5 $2 (23. Rxf7 $2 {is the wrong capture.} Re6 24. Qc4 Kh7 25. Nxc8 Qxf7 $19) (23. Rde1 $17 {is more resistant.}) 23... e3+ $19 24. Ka1 {[%emt 0:00:29] [#]} Bb7 $2 25. Qxd7 $17 Red8 $36 {[%emt 0:01:26][%cal Be8d8,Bd8d6,Bd6d5][%mdl 2080] Black is in control. The board is on fire.} 26. Qxf7+ Qxf7 27. Rxf7 {[%emt 0:00:11][%mdl 8192] [#]} (27. Nxf7 $17 e2 28. Nxd8 Rxd8 29. b3) 27... e2 $1 $19 {[%emt 0:01:26][%cal Re2d1] Black is clearly winning.} ({Weaker is} 27... Rxd6 28. Re7 $17) 28. Re1 Rxd6 29. Re7 Ba6 ({Worse is} 29... Bxd5 30. R7xe2 Rbd8 31. Rh2 $17) 30. Nc5 (30. Kb1 $142 Rxd5 31. R1xe2 Bd3+ 32. Kc1 Bxe2 33. Rxe2) 30... Rxd5 {[%emt 0:02:31] Weighted Error Value: White=0.84/Black=0.25 (precise)} 0-1

[Event "European Women-ch 2023"]
[Site "Petrovac"]
[Date "2023.03.25"]
[Round "7.20"]
[White "Heinemann, Josefine"]
[Black "Pogorelskikh, Sofia"]
[Result "1-0"]
[Annotator "TA"]
[ECO "B22"]
[WhiteElo "2343"]
[BlackElo "2102"]
[PlyCount "105"]
[EventDate "2023.03.15"]
[EventType "swiss"]
[EventCountry "MNE"]
[SourceTitle "playchess.com"]
[Source "ChessBase"]
[SourceQuality "1"]
[TimeControl "40/5400+30:1800+30"]

1. e4 c5 2. c3 Nf6 3. e5 Nd5 4. Nf3 Nc6 5. Bc4 Nb6 6. Bb3 d5 7. exd6 Qxd6 8. O-O $1 {[%emt 0:00:12] The main line 8.0-0 scores better than 8.Na3.} g6 9. d4 cxd4 10. Ng5 {[%emt 0:00:33] B22: Sicilian: 2 c3.} Nd8 (10... e6 $14) 11. cxd4 $16 Bg7 12. d5 {[%emt 0:06:53] White is better.} Bf5 13. Nc3 {[%emt 0:02:30] [#]} Qd7 $146 (13... O-O $142) ({Predecessor:} 13... O-O 14. Be3 Qf6 15. Nf3 Bg4 16. Bd4 Bxf3 17. Bxf6 Bxd1 18. Bxg7 Kxg7 19. Raxd1 a6 {½-½ Jonsson,M (2410)-Oksanen,Y (2390) Baltic Sea tt7 B06 corr 1997}) 14. a4 {[%emt 0:05:00] And now a5 would win.} a5 (14... O-O $16) 15. h3 h6 (15... O-O {was necessary.} 16. Be3 h6 17. Bxb6 Qd6) 16. Nf3 $1 $18 g5 17. Re1 Nc8 18. Ne5 Bxe5 19. Rxe5 Nd6 20. Qe2 f6 21. Re3 Kf8 22. Bd2 N8f7 23. Nb5 Nxb5 24. axb5 (24. Qxb5 $6 Qxb5 25. axb5 Nd6 $16) 24... Nd6 25. Ba4 (25. Rxa5 Rxa5 26. Bxa5 Qxb5 $16) (25. Bxa5 b6 26. g4 Qxb5 27. Qxb5 Nxb5 28. gxf5 Rxa5 29. Rxa5 bxa5 $11) (25. Bb4 $18) 25... Rh7 26. Bc3 Rc8 (26... Qd8 $142) 27. Qh5 (27. Bxa5 $16 {Hoping for Bb4.} Nc4 28. b6) 27... Qe8 (27... Nxb5 $2 28. d6 e5 29. g4 $18) (27... b6 $1 $14) 28. Qf3 (28. Qxe8+ {simplifies} Rxe8 29. b6 Ra8 30. Bb3) 28... Qg6 29. Bb3 (29. Rae1 {with more complications.} g4 30. hxg4 Bxg4 31. Qg3) 29... h5 {[%emt 0:02:52] [#]} (29... g4 $142 30. hxg4 Bxg4) 30. Qe2 $1 $16 (30. Rxa5 $6 g4 31. Qf4 gxh3 $11) 30... h4 {[%emt 0:01:54] [#]} (30... a4 $16) 31. Re1 $1 $18 ({And not} 31. Bxa5 g4 32. Kh2 (32. hxg4 Bxg4 33. f3 Bh3 $11) 32... gxh3 $11) 31... Re8 32. f3 ({Don't do} 32. Bxa5 $6 g4 $16) 32... Rg7 33. Bxa5 Bd7 34. b6 Bb5 $2 (34... Qf5 {was called for.} 35. Bb4 Qf4) 35. Qd2 Rc8 $2 (35... Rd8 36. Bb4 Qf5) 36. Bb4 {[%emt 0:00:38][%cal Oe3e7] Threatens to win with Rxe7!} Rd8 37. Rc3 Qe8 (37... Bd7 $142 38. Rc7 f5) 38. Rc7 Rd7 39. Bxd6 {[%emt 0:02:50][%mdl 64] Remove Defender} Rxd6 40. Rxb7 e5 41. Rxg7 Kxg7 42. Qa5 Bd3 43. Qc5 Rd8 44. b7 {[%emt 0:01:33] Prevents Rc8} Rb8 45. Qc7+ Kh6 46. d6 Bf5 47. Bf7 Qf8 48. Ra1 {[%emt 0:00:36][%cal Be1a1,Ba1a8,Ba8b8][%mdl 32] Black must now prevent Bd5.} e4 49. Bd5 {[%emt 0:02:05] Ra8 would kill now.} exf3 50. Ra8 {[%emt 0:01:14] White mates.} Qe8 51. Qe7 {[%emt 0:00:06] Active counter play!} (51. Rxb8 $2 {gets mated.} Qe1+ 52. Kh2 Qg3+ 53. Kh1 Qxg2#) 51... Qb5 52. Qxf6+ Bg6 53. Rxb8 {[%emt 0:00:54] Artfully played by Heinemann.   Weighted Error Value: White=0.46/Black=0.38} 1-0

[Event "European Women-ch 2023"]
[Site "Petrovac"]
[Date "2023.03.25"]
[Round "7.20"]
[White "Gamal, Alaa"]
[Black "Manova, Ivana"]
[Result "0-1"]
[Annotator "TA"]
[ECO "E14"]
[WhiteElo "1748"]
[BlackElo "1923"]
[PlyCount "84"]
[EventDate "2023.03.15"]
[EventType "swiss"]
[EventCountry "MNE"]
[SourceTitle "playchess.com"]
[Source "ChessBase"]
[SourceQuality "1"]
[TimeControl "40/5400+30:1800+30"]

1. d4 Nf6 2. Nf3 e6 3. e3 b6 4. Bd3 Bb7 5. O-O Be7 6. c4 O-O 7. Nc3 d5 8. cxd5 exd5 9. b3 Nbd7 {[%emt 0:09:37] E14: Queen's Indian: Classical Variation (4 e3).} 10. Bb2 Rc8 11. Qe2 Ne4 {[%emt 0:08:31] White has an edge.} 12. Rac1 Nxc3 13. Rxc3 {[%emt 0:00:38] [#]} f5 $146 (13... Bd6 $11 {keeps the balance.}) ({Predecessor:} 13... c5 14. Rd1 Bf6 15. Ba6 Bxa6 16. Qxa6 Rc7 17. Rc2 Qc8 18. Qxc8 Rfxc8 19. dxc5 Bxb2 20. Rxb2 Rxc5 {½-½ Uimonen,M (2073)-Puuska,H (1990) FIN-chT 1920 2019 (1.7)}) 14. Qc2 g6 15. Rc1 c6 16. Qe2 Bb4 17. R3c2 Qe7 18. Ba6 Nb8 19. Bxb7 Qxb7 20. Ne5 Rfe8 (20... Bd6 $14) 21. h4 Bd6 22. h5 Bxe5 23. dxe5 Re6 24. hxg6 hxg6 25. b4 Qh7 (25... Nd7 $142) 26. Qf3 (26. b5 $142) 26... g5 (26... Qh4 $142) 27. g4 ({Better is} 27. b5) 27... Rf8 $2 (27... fxg4 $16 28. Qxg4 Kf7) 28. Kg2 $2 ({White must play} 28. b5 $1 $18 fxg4 29. Qxg4) 28... f4 $11 {[%emt 0:04:18] [#] ...Rh6 would be deadly.} 29. Rh1 Qxc2 $19 30. Qh3 Kg7 {[%emt 0:01:50] Strongly threatening ...fxe3.} (30... Qxb2 $2 31. Qh7#) 31. exf4 gxf4 {[%emt 0:00:18][%cal Bg5f4,Bf4f3][%mdl 32] Threatens to win with ...f3+.} (31... Qxb2 $2 32. Qh7#) ({Weaker is} 31... Rxf4 32. Qh8+ Kf7 33. Rh7+ $18 (33. Qxb8 $2 {gets mated.} Qxf2+ 34. Kh3 Rh6#) (33. Qxb8 $2 Qxf2+ 34. Kh3 Rh6#)) 32. g5 f3+ 33. Kg3 Qf5 {[%emt 0:01:18][%csl Gf8][%cal Rf5f4] [#]} 34. Qh4 {[%emt 0:01:21] Repels Qf4+} c5 35. bxc5 bxc5 36. Bc1 Nc6 {[%emt 0:00:52][%cal Oc6d4] ( -> ...Nd4!)} 37. Bf4 Nd4 {[%emt 0:00:33] Black mates.} 38. Rb1 Qxf4+ 39. Qxf4 Ne2+ 40. Kxf3 Nxf4 41. Rb7+ Kg6 42. Kg4 Nd3 {[%emt 0:03:50] An exciting game.   Weighted Error Value: White=1.49/Black=0.60} 0-1

[Event "European Women-ch 2023"]
[Site "Petrovac"]
[Date "2023.03.25"]
[Round "7.21"]
[White "Hajiyeva, Laman"]
[Black "Antolak, Julia"]
[Result "1/2-1/2"]
[Annotator "TA"]
[ECO "C54"]
[WhiteElo "2118"]
[BlackElo "2276"]
[PlyCount "56"]
[EventDate "2023.03.15"]
[EventType "swiss"]
[EventCountry "MNE"]
[SourceTitle "playchess.com"]
[Source "ChessBase"]
[SourceQuality "1"]
[TimeControl "40/5400+30:1800+30"]

1. e4 e5 2. Nf3 Nc6 3. Bc4 Bc5 4. c3 Nf6 5. d4 exd4 6. e5 d5 7. Bb5 Ne4 8. cxd4 Bb6 9. Nc3 O-O 10. Be3 {[%emt 0:00:02] C54: Giuoco Piano: 4 c3 Nf6, main lines with 5 d4 and 5 d3.} f5 11. exf6 {[%emt 0:05:23] Black must now prevent Nxe4.} Nxf6 12. Bxc6 bxc6 13. Ne5 {[%emt 0:00:13] Wards off Ng4} Qd6 {[%emt 0:00:42] ...c5 is the strong threat.} 14. O-O $1 c5 15. dxc5 Bxc5 ({Don't play} 15... Qxe5 16. cxb6 (16. Bd4 Qf4 $14) 16... cxb6 17. Bd4 $14) 16. Bxc5 Qxc5 17. Rc1 Qd6 $1 18. Re1 {[%emt 0:05:51] White wants to play Nb5.} Ba6 {[%emt 0:01:52] [#] Wards off Nb5} 19. b4 $1 Rae8 20. Qd4 Ne4 {[%emt 0:07:56] [#]} 21. Qxd5+ $146 (21. f4 $1 $16) ({Predecessor:} 21. f4 Nxc3 22. Rxc3 Bc4 23. Rce3 Rb8 24. a3 Bb5 25. Qxa7 d4 26. Re4 Rbd8 27. a4 {1-0 Kollars,D (2498)-Buckels,V (2318) Hoogeveen op 21st 2017 (5)}) 21... Qxd5 $11 {[%emt 0:04:33][%mdl 64] Remove Defender. The position is equal.} 22. Nxd5 Rxe5 23. Nxc7 Bd3 24. f3 {[%emt 0:03:26] [#]} (24. Re3 $5) 24... Rxf3 $1 {[%emt 0:04:50] Strongly threatening ...Rf7.} 25. Rxe4 (25. gxf3 $2 {leads to mate.} Rg5+ 26. Kh1 Nf2#) 25... Bxe4 26. gxf3 Bxf3 27. Kf2 Bb7 28. Rc5 Re4 {[%emt 0:05:35] Weighted Error Value: White=0.10 (very precise) /Black=0.09 (flawless)} 1/2-1/2

[Event "European Women-ch 2023"]
[Site "Petrovac"]
[Date "2023.03.25"]
[Round "7.21"]
[White "Goriachkina, Oksana"]
[Black "Silva, Mariana Sofia T."]
[Result "0-1"]
[Annotator "TA"]
[ECO "D37"]
[WhiteElo "1759"]
[BlackElo "1920"]
[PlyCount "108"]
[EventDate "2023.03.15"]
[EventType "swiss"]
[EventCountry "MNE"]
[SourceTitle "playchess.com"]
[Source "ChessBase"]
[SourceQuality "1"]
[TimeControl "40/5400+30:1800+30"]

1. d4 Nf6 2. c4 e6 3. Nf3 d5 4. Nc3 a6 5. c5 b6 6. cxb6 {[%emt 0:00:35] D37: Queen's Gambit Declined: 5 Bf4.} c5 (6... Nbd7 7. bxc7 Qxc7 8. Bd2 $14) 7. Qb3 {[%emt 0:08:54] Threatens to win with b7.} Bd7 8. dxc5 {[%emt 0:06:56] The position is equal.} (8. Bg5 {feels hotter.} Nc6 9. b7 Rb8 10. dxc5 Qc7 11. Bxf6 gxf6 12. e3) 8... Bxc5 9. Na4 ({White should try} 9. Bf4 $11 Bxb6 10. e3) 9... Bxa4 $15 10. Qxa4+ {[%emt 0:00:01] [#]} Qd7 $146 ({Predecessor:} 10... Nbd7 11. b7 Ra7 12. b4 Bb6 13. e3 a5 14. Bb2 Rxb7 15. Bb5 axb4 16. Bxf6 gxf6 {½-½ Lacrosse,M (2023)-Baarslag,E (2172) Vlissingen HZ op 24th 2022 (6)}) 11. Qb3 (11. b7 {seems wilder.} Ra7 12. Qxd7+ Nbxd7 13. b8=Q+) 11... Qd6 12. a4 (12. e3 $11 {keeps the balance.}) 12... Qxb6 {[%emt 0:04:34] Black is more active.} ({Better is} 12... Bxb6 $17 13. e3 Ne4) 13. Qxb6 $11 Bxb6 14. b4 O-O (14... Nc6 $15 15. Ba3 a5) 15. e3 Nbd7 16. Ba3 Rfc8 17. Be2 Ne4 18. O-O Ndf6 ({Black should play} 18... Nc3 $11 19. Bd3 Nxa4) 19. Rfc1 (19. a5 $5 Bd8 20. Rfc1 $14) 19... Nc3 20. Bf1 Nfe4 (20... a5 $14) 21. Bb2 $16 a5 (21... Bd8 $16 {keeps fighting.}) 22. b5 $18 Rc7 23. Ne5 d4 24. Nc6 (24. Nc4 $18 Bc5 25. Bd3) 24... e5 $16 25. Bxc3 ({But not} 25. Nxe5 $6 dxe3 26. Nc4 exf2+ 27. Kh1 Bd4 $11) (25. g3 $16) 25... Nxc3 $14 26. exd4 ({Don't play} 26. Nxe5 dxe3 27. Bd3 Rd8 $15) 26... exd4 27. Re1 g6 28. Bd3 Kf8 29. Kf1 Re8 30. Rxe8+ Kxe8 31. Ke1 f6 32. Kd2 Kd7 33. Kc2 (33. Bc2 $16) 33... Rc8 $11 34. Kb3 Re8 $1 {[%emt 0:01:35] Repels Re1} 35. Kc4 Rc8 36. h4 Kd6 {[%emt 0:00:41] [#]} 37. h5 $1 f5 38. Kb3 {[%emt 0:00:28] And now hxg6 would win.} Re8 39. hxg6 hxg6 40. Rh1 Ne4 41. Rh6 Re6 42. f3 Nc5+ 43. Kc2 $1 ({Much weaker is} 43. Kc4 Nxa4 44. Nxd4 Nb2+ 45. Kc3 Bxd4+ 46. Kxd4 Nxd3 47. Kxd3 Kc5 $17) 43... Nxa4 44. g4 fxg4 45. fxg4 Nc3 46. Bc4 $2 {[%emt 0:06:32][%mdl 8192] [#]} (46. g5 $11 {and White has nothing to worry.}) 46... Nd5 $1 $19 47. Kd2 Kc5 48. Bb3 Bc7 {[%emt 0:03:54] ...Bf4+ would be deadly.} 49. Bxd5 Kxd5 50. Rxg6 $2 (50. Rh8 $19) 50... Rxg6 {[%emt 0:06:17] Black mates.} 51. Ne7+ Kc5 52. Nxg6 a4 53. Nf8 Kd6 54. Kc2 a3 {[%emt 0:00:28] Black used his chance.   Weighted Error Value: White=0.34/Black=0.14 (very precise)} 0-1

[Event "European Women-ch 2023"]
[Site "Petrovac"]
[Date "2023.03.25"]
[Round "7.22"]
[White "Abdinova, Narmin"]
[Black "Olde, Margareth"]
[Result "0-1"]
[Annotator "TA"]
[ECO "C54"]
[WhiteElo "2090"]
[BlackElo "2234"]
[PlyCount "94"]
[EventDate "2023.03.15"]
[EventType "swiss"]
[EventCountry "MNE"]
[SourceTitle "playchess.com"]
[Source "ChessBase"]
[SourceQuality "1"]
[TimeControl "40/5400+30:1800+30"]

1. e4 e5 2. Nf3 Nc6 3. d4 exd4 4. Bc4 Bc5 5. c3 Nf6 6. cxd4 Bb4+ 7. Bd2 Nxe4 8. Bxb4 Nxb4 9. Bxf7+ Kxf7 10. Qb3+ d5 {[%emt 0:00:37] 10...d5 has lost popularity.} 11. Ne5+ {[%emt 0:01:17] C54: Giuoco Piano: 4 c3 Nf6, main lines with 5 d4 and 5 d3.} (11. Qxb4 {simplifies} Rf8 12. Nc3 Kg8 13. Nxe4 a5 14. Qc3) 11... Ke6 {[%emt 0:00:49] Strongly threatening ...Nc6.} 12. Qxb4 Qf8 13. Qxf8 {[%emt 0:00:27] The position is equal.} Rxf8 14. Nc3 {[%emt 0:03:50] Excellent horsemanship.} c6 {[%emt 0:06:58] Prevents Nb5} 15. O-O Kd6 16. Rfe1 Ng5 {[%emt 0:03:42] [#]} 17. b4 $146 ({Predecessor:} 17. Rac1 Ne6 18. Ne2 c5 19. Nf3 c4 20. Nc3 Bd7 21. Re3 Rae8 22. Rd1 b5 23. Ne5 {½-½ Popov,V (2079)-Dahm,W (2128) W-ch WS/M/604 email 2016}) 17... Ne6 18. Rad1 Rf5 19. Nf3 Bd7 20. Ne5 Be8 21. g4 (21. f3 $11 {remains equal.}) 21... Rf6 22. Re3 a5 23. bxa5 Kc7 24. Nd3 {[%emt 0:02:52] [#]} (24. h4 $11) 24... Bd7 $1 $17 25. Na4 ({White should try} 25. Ne5) 25... Rxa5 26. Nac5 Nxc5 ({Of course not} 26... Nxd4 $6 27. Nxd7 Kxd7 28. Ne5+ Kd6 29. Rxd4 $11) (26... Rxa2 $17 27. Rb1 Bc8) 27. Nxc5 $15 b6 ({Much weaker is} 27... Rxa2 28. Re7 Rfxf2 29. Rxd7+ Kc8 30. Rxg7 (30. Rxb7 Rg2+ 31. Kh1 Rxh2+ 32. Kg1 Rhg2+ 33. Kh1 Rh2+ 34. Kg1 Rhg2+ 35. Kh1 Rh2+ $11) 30... Rg2+ 31. Kh1 Rxh2+ 32. Kg1 $11) 28. Nxd7 Kxd7 {[%emt 0:00:05][%mdl 4096] Endgame KRR-KRR} 29. Rd2 Ra4 {[%emt 0:06:11] ...Rf4 is the strong threat.} 30. h3 Rf4 31. Red3 Kd6 32. Kg2 Rf8 {[%emt 0:00:35] Black is more active.} 33. Rb3 b5 34. a3 Rfa8 35. Rdd3 R8a5 36. Kf3 c5 37. dxc5+ Kxc5 38. Ke3 Ra7 39. Kd2 Rf7 40. f3 d4 41. Rb1 Rfa7 42. Rbb3 {[%emt 0:05:59] This costs White the game.} (42. h4 $11 {and White is okay.}) 42... Kc4 {[%emt 0:05:42] ...b4 would be deadly.} 43. Kc2 $2 (43. Rb1) 43... b4 $19 44. Rxb4+ Rxb4 {[%emt 0:00:08] Black mates.} 45. axb4 Ra2+ 46. Kb1 Kxd3 47. Kxa2 {[%emt 0:00:04] [#]} Kc2 $1 {[%emt 0:00:09] Weighted Error Value: White=0.56/Black=0.09 (flawless)} 0-1

[Event "European Women-ch 2023"]
[Site "Petrovac"]
[Date "2023.03.25"]
[Round "7.22"]
[White "Buchholz, Maja Patricia"]
[Black "Humbatova, Nazli"]
[Result "1-0"]
[Annotator "NA RC COMBH"]
[ECO "A29"]
[WhiteElo "1883"]
[BlackElo "1737"]
[PlyCount "85"]
[EventDate "2023.03.15"]
[EventType "swiss"]
[EventCountry "MNE"]
[SourceTitle "playchess.com"]
[Source "ChessBase"]
[SourceQuality "1"]
[TimeControl "40/5400+30:1800+30"]

1. c4 e5 2. g3 Nf6 3. Bg2 d5 4. cxd5 Nxd5 5. Nc3 Nb6 6. Nf3 Nc6 7. Rb1 a5 8. O-O Be7 9. d3 O-O 10. Be3 Be6 11. Qc1 f6 12. Rd1 Nd4 13. b3 c5 14. Qb2 Qd7 15. Nd2 a4 16. Nc4 Nxc4 17. bxc4 Rfb8 18. Nd5 a3 19. Qd2 Bd8 20. Bxd4 cxd4 21. Nb6 Bxb6 22. Rxb6 Bf7 23. Rdb1 Ra7 24. Qb4 f5 25. Rb3 e4 26. Rxa3 Rxa3 27. Qxa3 Bg6 28. Qb3 Qe7 29. a4 exd3 30. Bd5+ Bf7 31. Qxd3 Bxd5 32. cxd5 g6 33. Qxd4 Qxe2 34. Re6 Qh5 35. Re7 Qh6 36. d6 Qf8 37. Qh4 h6 38. Qc4+ Kh8 39. Qd4+ Kg8 40. Qd5+ Kh8 41. Qe5+ Kg8 42. Qe6+ Kh8 43. Qxg6 1-0